 Dungeon Crawl Stone Soup version 0.13-a0-2584-g2e76cfd (webtiles) character file.

13822 Kae the Destroyer (level 12, -3/59 HPs)
             Began as a Tengu Fire Elementalist on July 31, 2013.
             Was an Elder of Vehumet.
             Slain by Chozo's ghost (16 damage)
             ... on Level 1 of the Lair of Beasts.
             The game lasted 00:38:07 (17403 turns).

Kae the Destroyer (Tengu Fire Elementalist)        Turns: 17403, Time: 00:38:08

HP  -3/59        AC 13     Str  8      XL: 12   Next:  4%
MP  16/29        EV 12     Int 24      God: Vehumet [****..]
Gold 501         SH  0     Dex 15      Spells:  6 memorised, 13 levels left

Res.Fire  : + . .   See Invis. : .   w - +3,+0 flail (protect)
Res.Cold  : . . .   Warding    : .   N - +2 robe "Vainu" {+Rage +Fly}
Life Prot.: . . .   Conserve   : .   (no shield)
Res.Poison: .       Res.Corr.  : .   (helmet restricted)
Res.Elec. : .       Clarity    : .   n - +0 cloak
Sust.Abil.: . .     Spirit.Shd : .   i - +2 pair of gauntlets
Res.Mut.  : .       Stasis     : .   (boots unavailable)
Res.Rott. : .       Flight     : .   (no amulet)
Saprovore : . . .                    D - +3 ring of intelligence
                                     x - ring of protection from fire

@: very slightly contaminated, somewhat resistant to hostile enchantments,
fairly stealthy
A: able to fly, beak, talons 3
a: Fly, Renounce Religion, Evoke Berserk Rage, Evoke Flight


You were on level 1 of the Lair of Beasts.
You worshipped Vehumet.
Vehumet was extremely pleased with you.
You were not hungry.

You visited 3 branches of the dungeon, and saw 13 of its levels.

You collected 660 gold pieces.
You spent 179 gold pieces at shops.

Inventory:

Hand weapons
 q - a +1,+3 orcish short sword
 w - a +3,+0 flail of protection (weapon)
Armour
 a - a +1 robe
 i - a +2 pair of gauntlets (worn)
 n - a +0 cloak (worn)
 N - the +2 robe "Vainu" (worn) {+Rage +Fly}
   (You took it off an orc on level 9 of the Dungeon)

   It lets you fly.
   It lets you go berserk.
Magical devices
 d - a wand of magic darts (0)
 p - a wand of cold (0)
 v - a wand of invisibility (1)
 z - a wand of digging (7) {unknown}
 A - a wand of magic darts (14)
 B - a wand of fire (2)
Comestibles
 c - 5 bread rations
 s - 3 meat rations
 L - a cheese
Scrolls
 g - a scroll of fog
 l - 8 scrolls of identify
 r - 4 scrolls of remove curse
 t - 2 scrolls of enchant weapon I
 u - 6 scrolls of teleportation
 C - a scroll of amnesia
 E - a scroll of enchant armour
 F - 2 scrolls of blinking
 G - a scroll of recharging {unknown}
 I - a scroll of fear
 K - 3 scrolls of magic mapping
Jewellery
 e - an uncursed ring of fire {unknown}
 f - an uncursed ring of sustain abilities
 m - an uncursed ring of wizardry {unknown}
 o - an uncursed ring of magical power
 x - a ring of protection from fire (left hand)
 y - an uncursed ring of sustain abilities
 D - a +3 ring of intelligence (right hand)
Potions
 h - 5 potions of curing
 j - 2 potions of heal wounds
 k - 2 potions of restore abilities
 H - 2 potions of brilliance {unknown}
 J - a potion of might {unknown}
 M - a potion of invisibility {unknown}
Books
 b - a book of Flames

   Spells                             Type                      Level
   *Flame Tongue                      Conjuration/Fire             1
   *Throw Flame                       Conjuration/Fire             2
   *Conjure Flame                     Conjuration/Fire             3
   Inner Flame                        Hexes/Fire                   3
   *Sticky Flame                      Conjuration/Fire             4
   *Fireball                          Conjuration/Fire             5


   Skills:
 - Level 2.1 Dodging
 - Level 2.0 Stealth
 + Level 9.3 Spellcasting
 - Level 15.5 Conjurations
 + Level 11.4 Fire Magic


You had 13 spell levels left.
You knew the following spells:

 Your Spells              Type           Power        Failure   Level  Hunger
a - Flame Tongue          Conj/Fire      #####        1%          1    None
b - Throw Flame           Conj/Fire      ######       1%          2    None
c - Conjure Flame         Conj/Fire      ######..     1%          3    None
d - Sticky Flame          Conj/Fire      ######..     1%          4    ##.....
e - Fireball              Conj/Fire      ######....   1%          5    ####...
f - Shock                 Conj/Air       ####         1%          1    None


Dungeon Overview and Level Annotations

Branches:
Dungeon (11/27)            Temple (1/1) D:7             Orc (0/4) D:8
   Lair (1/8) D:9

Altars:
Ashenzari
Cheibriados
Elyvilon
Fedhas
Kikubaaqudgha
Makhleb
Nemelex Xobeh
Okawaru
Sif Muna
Trog
Vehumet
Xom
Yredelemnul
Zin
the Shining One

Shops:
D:4: / D:11: *?

Annotations
Lair:1 Chozo's ghost, experienced LOFi


Innate Abilities, Weirdness & Mutations

You can fly.
You have a beak for a mouth.
You have claws for feet.


Message History

Chozo's ghost hits you but does no damage.
Drink which item? (? for menu, Esc to quit)
You feel better. Chozo's ghost closely misses you.
Casting: Shock
Confirm with . or Enter, or press ? or * to list all spells.
Aiming: Shock
Press: ? - help, Shift-Dir - straight line, f/p - Chozo's ghost
Aim: Chozo's ghost (almost destroyed)
The zap hits Chozo's ghost.
Chozo's ghost is almost destroyed.
Chozo's ghost hits you but does no damage.
Casting: Shock
Confirm with . or Enter, or press ? or * to list all spells.
Aiming: Shock
Press: ? - help, Shift-Dir - straight line, f/p - Chozo's ghost
Aim: Chozo's ghost (almost destroyed)
The zap hits Chozo's ghost.
Chozo's ghost appears unharmed.
Chozo's ghost is almost destroyed.
Chozo's ghost hits you!
You die...

###....#
#P.......
.........
#..$......
#..........
#.%........
##..........
#P.<%.....#
####@....##
#p........
#........
#........
#........
#....##.
.....#
.....P #..


You could see Chozo's ghost.

Vanquished Creatures
  A hydra (D:11)
  2 hill giants (D:8)
  2 cyclopes
  Psyche (D:10)
  2 yaks
  A basilisk (D:8)
  2 wyverns
  2 hungry ghosts (D:7)
  A hippogriff (D:11)
  Grum (D:9)
  3 wolves (D:9)
  2 hill giant skeletons (D:8)
  Edmund (D:3)
  A mottled dragon (D:11)
  2 porcupines (D:9)
  3 ice beasts
  2 necrophages
  7 orc warriors
  2 sky beasts
  3 black bears
  2 phantoms
  The ghost of tesudzi the Poker, an average DsGl (D:3)
  5 centaurs
  9 ogres
  4 crocodiles
  Duvessa (D:8)
  A giant slug (D:9)
  9 giant frogs
  2 water moccasins
  Blork the orc (D:6)
  An agate snail (D:9)
  12 killer bees
  A troll zombie (D:8)
  5 wights (D:10)
  A quasit (D:6)
  Dowan (D:8)
  9 crimson imps
  A gnoll shaman (D:3)
  6 iguanas
  A yellow wasp zombie (D:11)
  A giant frog skeleton (D:8)
  A giant frog zombie (D:8)
  5 scorpions
  8 hounds
  6 orc priests
  A centaur skeleton (D:9)
  9 worker ants
  5 orc wizards
  A big kobold zombie (D:10)
  16 sheep (D:9)
  An ogre zombie (D:5)
  5 jellies
  2 mummies (D:8)
  50 gnolls
  14 adders
  3 green rats (D:9)
  A giant centipede (D:9)
  A worker ant zombie (D:9)
  A goliath beetle zombie (D:8)
  6 worms
  A giant centipede zombie (D:8)
  3 giant eyeballs (D:9)
  5 giant geckos
  4 oozes
  38 orcs
  4 giant cockroaches
  14 hobgoblins
  2 ball pythons
  16 bats
  3 giant newts
  2 giant spores
  15 goblins
  2 hobgoblin skeletons (D:5)
  25 jackals
  19 kobolds
  A kobold skeleton (D:5)
  3 quokkas
  12 rats
  10 ballistomycetes
430 creatures vanquished.

Vanquished Creatures (others)
  2 yaks (D:11)
  A hungry ghost (D:7)
  An orc warrior (D:8)
  An orc priest (D:8)
  A big fish (D:3)
  An orc wizard (D:8)
  An adder (D:3)
  A human (D:6)
  A giant spore (D:9)
  A bush (D:9)
  A plant (D:9)
12 creatures vanquished.

Grand Total: 442 creatures vanquished

Notes
Turn   | Place    | Note
--------------------------------------------------------------
     0 | D:1      | Kae, the Tengu Fire Elementalist, began the quest for the Orb.
     0 | D:1      | Reached XP level 1. HP: 10/10 MP: 3/3
   294 | D:1      | Reached XP level 2. HP: 15/15 MP: 1/5
  1117 | D:2      | Reached XP level 3. HP: 19/19 MP: 7/7
  1438 | D:2      | Found a burning altar of Makhleb.
  1441 | D:2      | Found a radiant altar of Vehumet.
  1522 | D:2      | Reached skill level 4 in Fire Magic
  1522 | D:2      | Reached XP level 4. HP: 24/24 MP: 8/8
  1528 | D:2      | Learned a level 2 spell: Throw Flame
  1532 | D:2      | Learned a level 3 spell: Conjure Flame
  1755 | D:3      | Noticed tesudzi's ghost (average DsGl)
  1768 | D:3      | Found a white marble altar of Elyvilon.
  2278 | D:3      | Noticed an ice beast
  2294 | D:3      | Killed an ice beast
  2294 | D:3      | Reached skill level 5 in Conjurations
  2294 | D:3      | Reached XP level 5. HP: 28/28 MP: 8/11
  2544 | D:3      | Reached XP level 6. HP: 28/32 MP: 4/13
  2815 | D:3      | Reached skill level 5 in Fire Magic
  2950 | D:3      | Reached skill level 6 in Conjurations
  3234 | D:3      | Killed tesudzi's ghost
  3234 | D:3      | Reached XP level 7. HP: 36/36 MP: 11/16
  3658 | D:3      | Reached skill level 7 in Conjurations
  3704 | D:3      | Noticed an ogre
  3804 | D:3      | Killed an ogre
  4242 | D:3      | Reached skill level 8 in Conjurations
  4252 | D:3      | Reached XP level 8. HP: 29/41 MP: 18/19
  4813 | D:4      | Noticed Edmund
  4867 | D:3      | Killed Edmund
  5158 | D:4      | Found Shraup's Magical Wand Boutique.
  5463 | D:4      | Learned a level 4 spell: Sticky Flame
  5469 | D:4      | Learned a level 5 spell: Fireball
  5701 | D:4      | Reached skill level 9 in Conjurations
  5764 | D:5      | Entered Level 5 of the Dungeon
  6405 | D:5      | Found a white marble altar of Elyvilon.
  6545 | D:5      | Found a glowing golden altar of the Shining One.
  6581 | D:5      | Found a shattered altar of Ashenzari.
  7512 | D:6      | Reached skill level 10 in Conjurations
  7599 | D:6      | Reached skill level 5 in Spellcasting
  7599 | D:6      | Reached XP level 9. HP: 45/45 MP: 19/22
  8077 | D:6      | Found an ancient bone altar of Kikubaaqudgha.
  8148 | D:6      | Noticed Blork the orc
  8157 | D:6      | Killed Blork the orc
  8157 | D:6      | Reached skill level 11 in Conjurations
  8927 | D:7      | Found a staircase to the Ecumenical Temple.
  9064 | D:7      | Reached skill level 12 in Conjurations
  9374 | Temple   | Entered the Ecumenical Temple
  9728 | D:2      | Became a worshipper of Vehumet
  9985 | D:7      | Found a shimmering altar of Xom.
 10048 | D:8      | Found a deep blue altar of Sif Muna.
 10175 | D:8      | Reached XP level 10. HP: 36/50 MP: 14/24
 10620 | D:8      | Noticed a cyclops
 10862 | D:7      | Acquired Vehumet's first power
 10862 | D:7      | Offered knowledge of Shock by Vehumet.
 10869 | D:7      | Learned a level 1 spell: Shock
 10945 | D:8      | Reached skill level 13 in Conjurations
 11188 | D:8      | Noticed Dowan
 11220 | D:8      | Noticed Duvessa
 11226 | D:8      | Killed Dowan
 11227 | D:8      | Killed Duvessa
 11711 | D:8      | Found a white marble altar of Elyvilon.
 11715 | D:8      | Noticed a hill giant
 11747 | D:8      | Killed a hill giant
 11905 | D:8      | Killed a cyclops
 12056 | D:8      | Noticed a hill giant
 12064 | D:8      | Killed a hill giant
 12064 | D:8      | Reached skill level 14 in Conjurations
 12600 | D:8      | Reached XP level 11. HP: 54/54 MP: 24/27
 12608 | D:8      | Offered knowledge of Sandblast by Vehumet.
 12907 | D:8      | Found a staircase to the Orcish Mines.
 13555 | D:9      | Reached skill level 10 in Fire Magic
 13748 | D:9      | Paralysed by a giant eyeball for 4 turns
 13755 | D:9      | Paralysed by a giant eyeball for 2 turns
 13758 | D:9      | Paralysed by a giant eyeball for 2 turns
 13760 | D:9      | Offered knowledge of Dazzling Spray by Vehumet.
 13891 | D:9      | Found a staircase to the Lair.
 13916 | D:9      | Acquired Vehumet's second power
 13916 | D:9      | Reached skill level 15 in Conjurations
 14332 | D:9      | Offered knowledge of Mephitic Cloud by Vehumet.
 14573 | D:9      | Noticed Grum
 14581 | D:9      | Killed Grum
 14895 | D:10     | Entered Level 10 of the Dungeon
 15043 | D:10     | Noticed Psyche
 15045 | D:10     | Killed Psyche
 15326 | D:10     | Acquired Vehumet's third power
 15519 | D:10     | Offered knowledge of Bolt of Magma by Vehumet.
 16121 | D:11     | Found Erothroe's Magic Scroll Emporium.
 16134 | D:11     | Bought a scroll of teleportation for 45 gold pieces
 16134 | D:11     | Bought a scroll of blinking for 82 gold pieces
 16134 | D:11     | Bought a scroll of fear for 52 gold pieces
 16252 | D:11     | Found Fofa's Serpentskin Sales.
 16376 | D:11     | Noticed a six-headed hydra
 16512 | D:11     | Killed a six-headed hydra
 16753 | D:11     | Reached XP level 12. HP: 51/59 MP: 25/29
 17320 | D:9      | Got a slimy robe
 17330 | D:9      | Identified the +2 robe "Vainu" {+Rage +Fly} (You took it off an orc on level 9 of the Dungeon)
 17350 | Lair:1   | Entered Level 1 of the Lair of Beasts
 17367 | Lair:1   | Noticed Chozo's ghost (experienced LOFi)
 17395 | Lair:1   | HP: 2/59 [Chozo's ghost (4)]
 17403 | Lair:1   | Slain by Chozo's ghost

Action                   |  1- 3 |  4- 6 |  7- 9 | 10-12 || total
-------------------------+-------+-------+-------+-------++-------
Melee: Unarmed           |    21 |     6 |       |       ||    27
       Short sword       |       |       |     2 |       ||     2
       Flail             |       |       |    90 |   291 ||   381
 Cast: Flame Tongue      |    58 |   158 |   342 |   400 ||   958
       Conjure Flame     |       |     3 |    20 |    17 ||    40
       Throw Flame       |       |     1 |    36 |   119 ||   156
       Sticky Flame      |       |       |     3 |    32 ||    35
       Fireball          |       |       |       |    26 ||    26
       Shock             |       |       |       |    17 ||    17
 Abil: Fly               |       |       |     2 |     4 ||     6
Evoke: Wand              |       |       |       |    14 ||    14
  Use: Scroll            |     4 |     1 |    16 |     6 ||    27
       Potion            |       |       |     6 |     6 ||    12
 Stab: Invisible         |       |       |       |     2 ||     2
